| TOP OF THE 1ST |
|
Salem-Keizer Volcanoes batting - Pitching for Eugene Emeralds : RHP Carlos Zavala
|
|
Pitching: RHP Carlos Zavala
|
|
|
Batting: RHB Jonathan Reece
|
0-0: Called Strike 0-1: Ball 1-1: Foul Ball, location: 2F 1-2: Foul Ball, location: 2F 1-2: Ball 2-2: Foul Ball, location: 2F 2-2: Strikes out looking
|
|
Batting: RHB Omar Jordan
|
0-0: Called Strike 0-1: Foul Ball, location: 2F 0-2: Foul Ball, location: 2F 0-2: Fly out, F8 (Flyball, 89D, EV 104.4 MPH)
|
|
Batting: LHB Gil Caraveo
|
0-0: Ball 1-0: Ball 2-0: Ground out 4-3 (Groundball, 4, EV 81.2 MPH)
|
| Top of the 1st over - 0 runs, 0 hits, 0 errors, 0 left on base; Salem-Keizer 0 - Eugene 0 |
| BOTTOM OF THE 1ST |
|
Eugene Emeralds batting - Pitching for Salem-Keizer Volcanoes : RHP Jim Sprayberry
|
|
Pitching: RHP Jim Sprayberry
|
|
|
Batting: RHB Du Kim
|
0-0: Ball 1-0: Ball 2-0: Called Strike 2-1: Foul Ball, location: 2F 2-2: Strikes out looking
|
|
Batting: RHB Eric Wiss
|
0-0: Ball 1-0: Hit by Pitch
|
|
Batting: RHB Taylor Garofalo
|
0-0: Called Strike Eric Wiss steals 2nd base 0-1: Ground out U3 (Groundball, 34, EV 89.4 MPH) Eric Wiss to third
|
|
Batting: RHB Ryan Bush
|
0-0: Ball 1-0: SINGLE (Groundball, 6S, EV 96.9 MPH) Eric Wiss scores
|
|
Batting: RHB Bill Holmes
|
0-0: Fly out, F9 (Flyball, 89M, EV 75.0 MPH)
|
| Bottom of the 1st over - 1 run, 1 hit, 0 errors, 1 left on base; Salem-Keizer 0 - Eugene 1 |
| TOP OF THE 2ND |
|
Salem-Keizer Volcanoes batting - Pitching for Eugene Emeralds : RHP Carlos Zavala
|
|
Batting: RHB Justin Baldwin
|
0-0: Called Strike 0-1: Foul Ball, location: 2F 0-2: Ball 1-2: Strikes out swinging
|
|
Batting: RHB Cesar Martinez
|
0-0: Called Strike 0-1: Ball 1-1: DOUBLE (Line Drive, 78XD, EV 115.0 MPH)
|
|
Batting: LHB John Whitman
|
0-0: Foul Ball, location: 2F 0-1: Ball 1-1: Foul Ball, location: 2F 1-2: Ball 2-2: Hit by Pitch
|
|
Batting: RHB Dinand Brouwer
|
0-0: Ball 1-0: Ball 2-0: Foul Ball, location: 2F 2-1: SINGLE (Flyball, 34D, EV 90.6 MPH) Cesar Martinez to third John Whitman to second
|
|
Batting: RHB Gabe Ochoa
|
0-0: Ball 1-0: SINGLE (Line Drive, 78S, EV 88.1 MPH) Cesar Martinez scores John Whitman to third Dinand Brouwer to second
|
|
Batting: RHB Willie Sanchez
|
0-0: Swinging Strike 0-1: Swinging Strike 0-2: Strikes out swinging
|
|
Batting: RHB Jonathan Reece
|
0-0: Called Strike 0-1: Ball 1-1: Ball 2-1: Swinging Strike 2-2: Foul Ball, location: 2F 2-2: Ball 3-2: Base on Balls John Whitman scores Dinand Brouwer to third Gabe Ochoa to second
|
|
Batting: RHB Omar Jordan
|
0-0: Ball 1-0: DOUBLE (Flyball, 8RXD, EV 112.5 MPH) Dinand Brouwer scores Gabe Ochoa scores Jonathan Reece to third Runner from 3rd tries for Home, SAFE, throw by CF to home
|
|
Batting: LHB Gil Caraveo
|
0-0: Ball 1-0: Swinging Strike 1-1: Foul Ball, location: 2F 1-2: Strikes out swinging
|
| Top of the 2nd over - 5 runs, 4 hits, 0 errors, 1 left on base; Salem-Keizer 5 - Eugene 1 |
| BOTTOM OF THE 2ND |
|
Eugene Emeralds batting - Pitching for Salem-Keizer Volcanoes : RHP Jim Sprayberry
|
|
Batting: RHB Tim Long
|
0-0: Foul Ball, location: 2F 0-1: Foul Ball, location: 2F 0-2: Ball 1-2: Ball 2-2: Ball 3-2: Strikes out swinging
|
|
Batting: RHB Jerry Blas
|
0-0: Foul Ball, location: 2F 0-1: Called Strike 0-2: Ground out 4-3 (Groundball, 4M, EV 83.8 MPH)
|
|
Batting: RHB Josh Asch
|
0-0: Ball 1-0: Ball 2-0: Called Strike 2-1: Fly out, F8 (Flyball, 8RD, EV 101.2 MPH)
|
| Bottom of the 2nd over - 0 runs, 0 hits, 0 errors, 0 left on base; Salem-Keizer 5 - Eugene 1 |
| TOP OF THE 3RD |
|
Salem-Keizer Volcanoes batting - Pitching for Eugene Emeralds : RHP Carlos Zavala
|
|
Batting: RHB Justin Baldwin
|
0-0: Ball 1-0: Ball 2-0: Ball 3-0: Base on Balls
|
|
Batting: RHB Cesar Martinez
|
0-0: Ball 1-0: Ball 2-0: Ball 3-0: Called Strike 3-1: Base on Balls Justin Baldwin to second
|
|
Batting: LHB John Whitman
|
0-0: Ball 1-0: Ball 2-0: Called Strike 2-1: SINGLE (Groundball, 34D, EV 104.4 MPH) Justin Baldwin to third Cesar Martinez to second Runner from 3rd tries for Home, SAFE, throw by RF to home
|
|
Batting: RHB Dinand Brouwer
|
0-0: Foul Ball, location: 2F 0-1: Swinging Strike 0-2: Fielders Choice at 2nd, 5-4 (Groundball, 56, EV 87.5 MPH) Cesar Martinez to third
|
|
Batting: RHB Gabe Ochoa
|
0-0: Foul Ball, location: 2F 0-1: Ball 1-1: SINGLE (Groundball, 6MD, EV 99.4 MPH) Cesar Martinez scores Dinand Brouwer to second
|
|
Batting: RHB Willie Sanchez
|
0-0: Fielders Choice at 2nd, 3-6 (Groundball, 13, EV 91.9 MPH) Dinand Brouwer to third
|
|
Batting: RHB Jonathan Reece
|
0-0: Ball 1-0: Ground out 4-3 (Groundball, 4S, EV 85.6 MPH)
|
| Top of the 3rd over - 2 runs, 2 hits, 0 errors, 2 left on base; Salem-Keizer 7 - Eugene 1 |
| BOTTOM OF THE 3RD |
|
Eugene Emeralds batting - Pitching for Salem-Keizer Volcanoes : RHP Jim Sprayberry
|
|
Batting: RHB Jonathan Ridgely
|
0-0: Swinging Strike 0-1: Swinging Strike 0-2: Foul Ball, location: 2F 0-2: Ball 1-2: Strikes out swinging
|
|
Batting: RHB Du Kim
|
0-0: Ball 1-0: Called Strike 1-1: Ground out 5-3 (Groundball, 56S, EV 91.9 MPH)
|
|
Batting: RHB Eric Wiss
|
0-0: Called Strike 0-1: Ball 1-1: Foul Ball, location: 2F 1-2: SINGLE (Line Drive, 8RS, EV 100.0 MPH)
|
|
Batting: RHB Taylor Garofalo
|
0-0: Called Strike 0-1: Ball Eric Wiss is caught stealing 2nd base 2-4
|
| Bottom of the 3rd over - 0 runs, 1 hit, 0 errors, 0 left on base; Salem-Keizer 7 - Eugene 1 |
| TOP OF THE 4TH |
|
Salem-Keizer Volcanoes batting - Pitching for Eugene Emeralds : RHP Carlos Zavala
|
|
Batting: RHB Omar Jordan
|
0-0: Ball 1-0: Ball 2-0: SOLO HOME RUN (Flyball, 7LD, EV 95.0 MPH), Distance : 354 ft
|
|
Pitching: RHP Alvaro Romero
|
|
|
Batting: LHB Gil Caraveo
|
0-0: Called Strike 0-1: Ball 1-1: Called Strike 1-2: Ball 2-2: SINGLE (Groundball, 6D, EV 106.2 MPH)
|
|
Batting: RHB Justin Baldwin
|
0-0: DOUBLE (Line Drive, 78D, EV 105.6 MPH) Gil Caraveo to third
|
|
Batting: RHB Cesar Martinez
|
0-0: Foul Ball, location: 2F 0-1: Foul Ball, location: 2F 0-2: Foul Ball, location: 2F 0-2: Ground out 6-3 (Groundball, 6, EV 82.5 MPH) Gil Caraveo scores
|
|
Batting: LHB John Whitman
|
Balk! Justin Baldwin to third 0-0: Called Strike 0-1: Foul Ball, location: 2F 0-2: Foul Ball, location: 2F 0-2: TRIPLE (Line Drive, 89XD, EV 106.9 MPH) Justin Baldwin scores
|
|
Batting: RHB Dinand Brouwer
|
0-0: Foul Ball, location: 2F 0-1: Ball 1-1: Ball Wild Pitch! John Whitman scores 2-1: Swinging Strike 2-2: Foul Ball, location: 2F 2-2: Foul Ball, location: 2F 2-2: Ball 3-2: Foul Ball, location: 2F 3-2: Base on Balls
|
|
Batting: RHB Gabe Ochoa
|
0-0: Ground out 3-1 (Groundball, 34S, EV 66.2 MPH) Dinand Brouwer to second
|
|
Batting: RHB Willie Sanchez
|
0-0: SINGLE (Line Drive, 89S, EV 102.5 MPH) Dinand Brouwer to third Runner from 3rd tries for Home, SAFE, throw by RF to home
|
|
Batting: RHB Jonathan Reece
|
0-0: Ball 1-0: Ground out U3 (Groundball, 34, EV 92.5 MPH)
|
| Top of the 4th over - 5 runs, 5 hits, 0 errors, 1 left on base; Salem-Keizer 12 - Eugene 1 |
| BOTTOM OF THE 4TH |
|
Eugene Emeralds batting - Pitching for Salem-Keizer Volcanoes : RHP Jim Sprayberry
|
|
Batting: RHB Taylor Garofalo
|
0-0: Ball 1-0: Foul Ball, location: 2F 1-1: Foul Ball, location: 2F 1-2: Foul Ball, location: 2F 1-2: Foul Ball, location: 2F 1-2: SINGLE (Line Drive, 9LS, EV 90.0 MPH)
|
|
Batting: RHB Ryan Bush
|
0-0: Foul Ball, location: 2F 0-1: Ball 1-1: Foul Ball, location: 2F 1-2: Strikes out swinging
|
|
Batting: RHB Bill Holmes
|
0-0: Called Strike 0-1: Ball 1-1: Swinging Strike 1-2: Ball 2-2: Strikes out swinging
|
|
Batting: RHB Tim Long
|
0-0: Called Strike 0-1: Foul Ball, location: 2F 0-2: Strikes out swinging
|
| Bottom of the 4th over - 0 runs, 1 hit, 0 errors, 1 left on base; Salem-Keizer 12 - Eugene 1 |
| TOP OF THE 5TH |
|
Salem-Keizer Volcanoes batting - Pitching for Eugene Emeralds : RHP Alvaro Romero
|
|
Batting: RHB Omar Jordan
|
0-0: Ball 1-0: Ball 2-0: Ground out 6-3 (Groundball, 6, EV 86.9 MPH)
|
|
Batting: LHB Gil Caraveo
|
0-0: Called Strike 0-1: Ball 1-1: Ball 2-1: Ground out U3 (Groundball, 3S, EV 67.5 MPH)
|
|
Batting: RHB Justin Baldwin
|
0-0: Ball 1-0: Fly out, F8 (Line Drive, 8RM, EV 108.8 MPH)
|
| Top of the 5th over - 0 runs, 0 hits, 0 errors, 0 left on base; Salem-Keizer 12 - Eugene 1 |
| BOTTOM OF THE 5TH |
|
Eugene Emeralds batting - Pitching for Salem-Keizer Volcanoes : RHP Jim Sprayberry
|
|
Batting: RHB Jerry Blas
|
0-0: Called Strike 0-1: Called Strike 0-2: Ball 1-2: Strikes out swinging
|
|
Batting: RHB Josh Asch
|
0-0: Foul Ball, location: 2F 0-1: Ground out 6-3 (Groundball, 6, EV 108.8 MPH)
|
|
Batting: RHB Jonathan Ridgely
|
0-0: Ground out 5-3 (Groundball, 56S, EV 82.5 MPH)
|
| Bottom of the 5th over - 0 runs, 0 hits, 0 errors, 0 left on base; Salem-Keizer 12 - Eugene 1 |
| TOP OF THE 6TH |
|
Salem-Keizer Volcanoes batting - Pitching for Eugene Emeralds : RHP Alvaro Romero
|
|
Batting: RHB Cesar Martinez
|
0-0: Ball 1-0: Ball 2-0: Called Strike 2-1: DOUBLE (Line Drive, 89D, EV 98.1 MPH)
|
|
Batting: LHB John Whitman
|
0-0: Ground out U3 (Groundball, 13, EV 81.2 MPH) Cesar Martinez to third
|
|
Batting: RHB Dinand Brouwer
|
0-0: Ball 1-0: Foul Ball, location: 2F 1-1: Fly out, F7 (Line Drive, 78D, EV 95.6 MPH) Runner from 3rd tags up, SCORES, no throw by LF
|
|
Batting: RHB Gabe Ochoa
|
0-0: Foul Ball, location: 2F 0-1: Ball 1-1: Ball 2-1: Ball 3-1: Base on Balls
|
|
Batting: RHB Willie Sanchez
|
0-0: Ball 1-0: Ball 2-0: Called Strike 2-1: Fly out, F8 (Flyball, 8LD, EV 89.4 MPH)
|
| Top of the 6th over - 1 run, 1 hit, 0 errors, 1 left on base; Salem-Keizer 13 - Eugene 1 |
| BOTTOM OF THE 6TH |
|
Eugene Emeralds batting - Pitching for Salem-Keizer Volcanoes : RHP Jim Sprayberry
|
|
Batting: RHB Du Kim
|
0-0: Foul Ball, location: 2F 0-1: Ball 1-1: Ball 2-1: Foul Ball, location: 2F 2-2: Foul Ball, location: 2F 2-2: Foul Ball, location: 2F 2-2: Ball 3-2: Base on Balls
|
|
Batting: RHB Eric Wiss
|
0-0: Ball 1-0: Called Strike Du Kim steals 2nd base 1-1: Ground out 6-3 (Groundball, 6, EV 105.6 MPH)
|
|
Batting: RHB Taylor Garofalo
|
0-0: Ball 1-0: Ball 2-0: Called Strike 2-1: Ball 3-1: Foul Ball, location: 2F 3-2: DOUBLE (Line Drive, 78D, EV 103.8 MPH) Du Kim scores
|
|
Batting: RHB Ryan Bush
|
0-0: Ball 1-0: Fly out, F3 (Popup, 3SF, EV 84.4 MPH)
|
|
Batting: RHB Bill Holmes
|
0-0: Ball 1-0: Ground out 5-3 (Groundball, 56, EV 76.2 MPH)
|
| Bottom of the 6th over - 1 run, 1 hit, 0 errors, 1 left on base; Salem-Keizer 13 - Eugene 2 |
| TOP OF THE 7TH |
|
Salem-Keizer Volcanoes batting - Pitching for Eugene Emeralds : RHP Alvaro Romero
|
|
Batting: RHB Jonathan Reece
|
0-0: Ball 1-0: Ball 2-0: SINGLE (Flyball, 3D, EV 95.0 MPH)
|
|
Batting: RHB Omar Jordan
|
0-0: Ball 1-0: Ball 2-0: Swinging Strike 2-1: Called Strike 2-2: Ball 3-2: Base on Balls Jonathan Reece to second
|
|
Pinch Hitting: RHB Devin Lowery
|
0-0: Fielders Choice at 2nd, 6-4 (Groundball, 6, EV 109.4 MPH) Jonathan Reece to third
|
|
Batting: RHB Justin Baldwin
|
0-0: Called Strike 0-1: Foul Ball, location: 2F 0-2: Ball 1-2: Foul Ball, location: 2F 1-2: Ball 2-2: Ball 3-2: Base on Balls Devin Lowery to second
|
|
Batting: RHB Cesar Martinez
|
0-0: Called Strike 0-1: TRIPLE (Line Drive, 89XD, EV 103.1 MPH) Jonathan Reece scores Devin Lowery scores Justin Baldwin scores
|
|
Batting: LHB John Whitman
|
0-0: TRIPLE (Flyball, 78XD, EV 107.5 MPH) Cesar Martinez scores
|
|
Pinch Runner at 3rd Sam Smith:
|
|
|
Pinch Hitting: RHB John Tyra
|
0-0: Swinging Strike 0-1: Ball 1-1: Ball 2-1: Called Strike 2-2: Ball Passed Ball! Sam Smith scores 3-2: Base on Balls
|
|
Batting: RHB Gabe Ochoa
|
0-0: SINGLE (Line Drive, 34D, EV 106.2 MPH) John Tyra to second John Tyra to third
|
|
Batting: RHB Willie Sanchez
|
0-0: SINGLE (Line Drive, 4MD, EV 101.2 MPH) John Tyra scores Gabe Ochoa to second
|
|
Batting: RHB Jonathan Reece
|
0-0: Ball 1-0: Ball 2-0: Ball 3-0: Swinging Strike 3-1: Foul Ball, location: 2F 3-2: Foul Ball, location: 2F 3-2: Base on Balls Gabe Ochoa to third Willie Sanchez to second
|
|
Batting: RHB Omar Jordan
|
Balk! Gabe Ochoa scores Willie Sanchez to third Jonathan Reece to second 0-0: Called Strike 0-1: Ball 1-1: Ball 2-1: Foul Ball, location: 2F Balk! Willie Sanchez scores Jonathan Reece to third 2-2: Ball 3-2: Base on Balls
|
|
Batting: RHB Devin Lowery
|
0-0: Ball 1-0: Called Strike 1-1: Ball 2-1: Ball 3-1: Base on Balls Omar Jordan to second
|
|
Batting: RHB Justin Baldwin
|
0-0: SINGLE (Line Drive, 8RS, EV 91.9 MPH) Jonathan Reece scores Omar Jordan to third Devin Lowery to second
|
|
Batting: RHB Cesar Martinez
|
0-0: Foul Ball, location: 2F 0-1: Ball Balk! Omar Jordan scores Devin Lowery to third Justin Baldwin to second 1-1: Ball 2-1: SINGLE (Flyball, 3D, EV 87.5 MPH) Devin Lowery scores Justin Baldwin to third
|
|
Batting: RHB Sam Smith
|
0-0: Called Strike 0-1: Grounds into double play, 6-4-3 (Groundball, 6, EV 85.6 MPH)
|
| Top of the 7th over - 11 runs, 7 hits, 0 errors, 1 left on base; Salem-Keizer 24 - Eugene 2 |
| BOTTOM OF THE 7TH |
|
Eugene Emeralds batting - Pitching for Salem-Keizer Volcanoes : RHP Jim Sprayberry
|
|
Now at 1B: Devin Lowery
|
|
|
Now at 3B: John Tyra
|
|
|
Now in RF: Sam Smith
|
|
|
Batting: RHB Tim Long
|
0-0: Ball 1-0: Ground out 5-3 (Groundball, 56S, EV 81.9 MPH)
|
|
Batting: RHB Jerry Blas
|
0-0: Ball 1-0: Ball 2-0: Ball 3-0: Called Strike 3-1: Foul Ball, location: 2F 3-2: Base on Balls
|
|
Pitching: RHP Lee Chamness
|
|
|
Batting: RHB Josh Asch
|
0-0: Called Strike 0-1: Swinging Strike 0-2: Ball 1-2: Strikes out swinging
|
|
Batting: RHB Jonathan Ridgely
|
0-0: Called Strike 0-1: Ball 1-1: Hit by Pitch Jerry Blas to second
|
|
Batting: RHB Du Kim
|
0-0: Foul Ball, location: 2F 0-1: SINGLE (Line Drive, 56, EV 110.0 MPH) Jerry Blas to third Jonathan Ridgely to second Runner from 3rd tries for Home, SAFE, throw by LF to home
|
|
Batting: RHB Eric Wiss
|
0-0: Swinging Strike 0-1: Ball 1-1: Foul Ball, location: 2F 1-2: Ball 2-2: Ground out 4-3 (Groundball, 4, EV 105.0 MPH)
|
| Bottom of the 7th over - 1 run, 1 hit, 0 errors, 2 left on base; Salem-Keizer 24 - Eugene 3 |
| TOP OF THE 8TH |
|
Salem-Keizer Volcanoes batting - Pitching for Eugene Emeralds : RHP Alvaro Romero
|
|
Batting: RHB John Tyra
|
0-0: Foul Ball, location: 2F 0-1: Ball 1-1: Foul Ball, location: 2F 1-2: Foul Ball, location: 2F 1-2: Strikes out swinging
|
|
Batting: RHB Gabe Ochoa
|
0-0: TRIPLE (Flyball, 78XD, EV 101.2 MPH)
|
|
Batting: RHB Willie Sanchez
|
0-0: Ball 1-0: Called Strike 1-1: SINGLE (Groundball, 6, EV 96.9 MPH) Gabe Ochoa scores
|
|
Batting: RHB Jonathan Reece
|
0-0: Swinging Strike 0-1: Ball 1-1: Ball 2-1: Ball 3-1: Base on Balls Willie Sanchez to second
|
|
Batting: RHB Omar Jordan
|
0-0: Called Strike 0-1: Ball Wild Pitch! Willie Sanchez to third Jonathan Reece to second 1-1: Ball 2-1: Ball Balk! Willie Sanchez scores Jonathan Reece to third 3-1: Base on Balls
|
|
Batting: RHB Devin Lowery
|
Balk! Jonathan Reece scores Omar Jordan to second 0-0: Ball 1-0: Ground out 6-3 (Groundball, 6, EV 86.9 MPH)
|
|
Batting: RHB Justin Baldwin
|
Balk! Omar Jordan to third 0-0: Ball 1-0: Fly out, F8 (Flyball, 78M, EV 87.5 MPH)
|
| Top of the 8th over - 3 runs, 2 hits, 0 errors, 1 left on base; Salem-Keizer 27 - Eugene 3 |
| BOTTOM OF THE 8TH |
|
Eugene Emeralds batting - Pitching for Salem-Keizer Volcanoes : RHP Lee Chamness
|
|
Batting: RHB Taylor Garofalo
|
0-0: Ball 1-0: Ball 2-0: DOUBLE (Line Drive, 9LS, EV 110.0 MPH)
|
|
Batting: RHB Ryan Bush
|
0-0: Ball 1-0: Ball 2-0: Ball 3-0: Base on Balls
|
|
Batting: RHB Bill Holmes
|
0-0: Ball 1-0: Swinging Strike 1-1: Fly out, F9 (Flyball, 9, EV 87.5 MPH)
|
|
Batting: RHB Tim Long
|
0-0: Foul Ball, location: 2F 0-1: Ball 1-1: Called Strike 1-2: Foul Ball, location: 2F 1-2: Ball 2-2: Foul Ball, location: 2F 2-2: 3-RUN HOME RUN (Flyball, 7D, EV 94.4 MPH), Distance : 353 ft
|
|
Batting: RHB Jerry Blas
|
0-0: SINGLE (Groundball, 6S, EV 71.9 MPH) (infield hit)
|
|
Batting: RHB Josh Asch
|
0-0: Ball 1-0: Called Strike 1-1: Ball 2-1: Fielders Choice at 2nd, 4-6 (Groundball, 4MS, EV 80.0 MPH)
|
|
Batting: RHB Jonathan Ridgely
|
0-0: Foul Ball, location: 2F 0-1: Ball 1-1: Foul Ball, location: 2F 1-2: Ball 2-2: Ball 3-2: Base on Balls Josh Asch to second
|
|
Batting: RHB Du Kim
|
0-0: Ground out U3 (Groundball, 34, EV 83.8 MPH)
|
| Bottom of the 8th over - 3 runs, 3 hits, 0 errors, 2 left on base; Salem-Keizer 27 - Eugene 6 |
| TOP OF THE 9TH |
|
Salem-Keizer Volcanoes batting - Pitching for Eugene Emeralds : RHP Alvaro Romero
|
|
Batting: RHB Cesar Martinez
|
0-0: TRIPLE (Line Drive, 9LD, EV 110.0 MPH)
|
|
Batting: RHB Sam Smith
|
0-0: DOUBLE (Flyball, 8LXD, EV 113.8 MPH) Cesar Martinez scores
|
|
Batting: RHB John Tyra
|
0-0: Ball 1-0: Ground out 4-3 (Groundball, 4, EV 83.8 MPH) Sam Smith to third
|
|
Batting: RHB Gabe Ochoa
|
0-0: Ball 1-0: Fly out, F3 (Popup, 3SF, EV 67.5 MPH)
|
|
Batting: RHB Willie Sanchez
|
0-0: Ground out 6-3 (Groundball, 6, EV 99.4 MPH)
|
| Top of the 9th over - 1 run, 2 hits, 0 errors, 1 left on base; Salem-Keizer 28 - Eugene 6 |
| BOTTOM OF THE 9TH |
|
Eugene Emeralds batting - Pitching for Salem-Keizer Volcanoes : RHP Lee Chamness
|
|
Batting: RHB Eric Wiss
|
0-0: Swinging Strike 0-1: Foul Ball, location: 2F 0-2: Strikes out swinging
|
|
Batting: RHB Taylor Garofalo
|
0-0: Swinging Strike 0-1: Called Strike 0-2: Ball 1-2: Strikes out swinging
|
|
Batting: RHB Ryan Bush
|
0-0: Ball 1-0: SINGLE (Line Drive, 6MD, EV 103.8 MPH)
|
|
Batting: RHB Bill Holmes
|
0-0: Fly out, F9 (Flyball, 9S, EV 95.6 MPH)
|
| Bottom of the 9th over - 0 runs, 1 hit, 0 errors, 1 left on base; Salem-Keizer 28 - Eugene 6 |
|